 Dungeon Crawl Stone Soup version 0.23-a0-458-g93a6ea9 (webtiles) character file.

5332 Pigsnout the Slicer (level 10, -2/86 HPs)
             Began as a Minotaur Fighter on Nov 26, 2018.
             Was a High Priest of Uskayaw.
             Killed by divine providence
             ... invoked by an orc priest
              (16 damage)
             ... on level 9 of the Dungeon.
             The game lasted 00:24:06 (8841 turns).

Pigsnout the Slicer (Minotaur Fighter)              Turns: 8841, Time: 00:24:07

Health: -2/86      AC: 15    Str: 26    XL:     10   Next: 38%
Magic:  10/13      EV:  6    Int:  5    God:    Uskayaw [*****.]
Gold:   488        SH: 12    Dex: 13    Spells: 9/9 levels left

rFire    . . .     SeeInvis .   J - +4 short sword
rCold    . . .     Gourm    .   c - +0 shield
rNeg     + . .     Faith    .   w - +1 plate armour
rPois    .         Spirit   .   (helmet restricted)
rElec    .         Reflect  .   (no cloak)
rCorr    .         Harm     .   (no gloves)
MR       .....                  (no boots)
Stlth    ..........             C - amulet of the acrobat
HPRegen  0.24/turn              e - ring of positive energy
MPRegen  0.13/turn              (no ring)

@: mighty
A: retaliatory headbutt, horns 2
a: Stomp, Line Pass, Grand Finale, Renounce Religion


You were on level 9 of the Dungeon.
You worshipped Uskayaw.
Uskayaw was noncommittal.
You were not hungry.

You visited 1 branch of the dungeon, and saw 9 of its levels.

You collected 488 gold pieces.

Inventory:

Hand Weapons
 a - a +0 rapier
 A - a +3 long sword
 J - a +4 short sword (weapon)
Missiles
 q - 25 poisoned needles
 r - 27 tomahawks (quivered)
Armour
 c - a +0 shield (worn)
 w - a +1 plate armour (worn)
Jewellery
 e - a ring of positive energy (left hand)
 C - an amulet of the acrobat (around neck)
Wands
 d - a wand of paralysis (12)
 t - a wand of polymorph (8)
 v - a wand of disintegration (23)
 G - a wand of digging (7)
 H - a wand of enslavement (12)
 I - a wand of flame (8)
Scrolls
 g - 2 scrolls of noise {unknown}
 i - 2 scrolls of fog
 j - 3 scrolls of enchant armour
 k - 6 scrolls of remove curse
 l - a scroll of amnesia {unknown}
 o - 4 scrolls of enchant weapon
 p - a scroll of immolation {unknown}
 y - 2 scrolls of magic mapping {unknown}
 B - a scroll of fear {unknown}
 E - 4 scrolls of teleportation {unknown}
 F - 4 scrolls of identify
Potions
 b - a potion of ambrosia {unknown}
 h - a potion of resistance
 m - a potion of curing
 s - a potion of heal wounds {unknown}
 u - a potion of flight
 x - a potion of magic
 z - 2 potions of lignification {unknown}
Comestibles
 f - 27 rations
 n - 2 chunks of flesh


   Skills:
 + Level 7.3 Fighting
 + Level 9.6 Short Blades
 - Level 0.2 Throwing
 + Level 9.6 Armour
 - Level 0.5 Stealth
 + Level 9.3 Shields
 * Level 5.3 Invocations
 - Level 0.5 Evocations


You had 9 spell levels left.
You didn't know any spells.
Your spell library contained the following spells:

 Spells                   Type           Power        Failure   Level  Hunger
 Magic Dart               Conj           #...         100%        1    ##.....
 Sting                    Conj/Pois      #...         100%        1    ##.....
 Summon Small Mammal      Summ           #...         100%        1    ##.....
 Call Imp                 Summ           #.......     100%        2    ###....
 Poisonous Vapours        Pois/Air       #.....       100%        2    ###....
 Searing Ray              Conj           #.....       100%        2    ###....
 Call Canine Familiar     Summ           #.......     100%        3    ####...
 Dazzling Spray           Conj/Hex       #.....       100%        3    ####...
 Mephitic Cloud           Conj/Pois/Air  #.......     100%        3    ####...
 Summon Guardian Golem    Hex/Summ       #.......     100%        3    ####...
 Force Lance              Conj/Tloc      #.......     100%        4    #####..
 Fulminant Prism          Conj/Hex       #.........   100%        4    #####..
 Iskenderun's Mystic Bla  Conj           #.......     100%        4    #####..
 Olgreb's Toxic Radiance  Pois           #.......     100%        4    #####..
 Summon Ice Beast         Ice/Summ       #.......     100%        4    #####..
 Summon Lightning Spire   Summ/Air       #.......     100%        4    #####..
 Venom Bolt               Conj/Pois      #.........   100%        5    ######.


Dungeon Overview and Level Annotations

Branches:
Dungeon (9/15)             Temple (0/1) D:5             Orc (0/2) D:9
   Lair: D:8-11

Altars:
Ashenzari
Fedhas
Hepliaklqana
Nemelex Xobeh
Okawaru
Uskayaw
Vehumet
Xom
Zin
The Shining One

Annotations:
D:3 exclusion: downstairs
D:4 exclusion: downstairs
D:7 exclusion: downstairs


Innate Abilities, Weirdness & Mutations

You reflexively headbutt those who attack you in melee.
You have a pair of horns on your head.


Message History

A magic dart appears from out of thin air!
The magic dart hits you!
* * * LOW HITPOINT WARNING * * *
The orc warrior hits you from afar with a +0 trident.
* * * LOW HITPOINT WARNING * * *
Evoke which item? (* to show all) (? for menu, Esc to quit)
Okay, then.
Okay, then.
You feel better. The ogre hits you with a +0 giant club.
* * * LOW HITPOINT WARNING * * *
You puncture the ogre! You headbutt the ogre!
The ogre is heavily wounded.
You block the orc warrior's attack.
The orc curses loudly.
You puncture the ogre!
You kill the ogre!
You block the orc warrior's attack.
The orc priest mumbles some strange prayers to Beogh against you.
Beogh smites you!
You die...

#.# #.# #.#
#.###.....# #>#
#.# #.#
#.......... #.#
#.# #.#
#####.....# #.
#.# #.# #.....#
#.# #.# ###.###
#.# #.# #.###
#.# #.... #. #.#
##### ####. #@#
#
#....####o######
#
........o{o....#
#
..!....o.oo....#
#
..........o....#
#
.......)...o...#
.
......)).).....#
#
.......))).....#
...............#


You could see an orc warrior, an orc priest, 2 orc wizards and 4 orcs.

Vanquished Creatures
  A two-headed ogre (D:9)
  An unseen horror (D:8)
  A hornet (D:7)
  A hungry ghost (D:8)
  2 wargs (D:9)
  A soldier ant (D:6)
  An ice beast (D:7)
  4 sky beasts
  A necrophage (D:6)
  4 phantoms
  6 ogres
  3 centaurs (D:5)
  A big kobold (D:8)
  3 bullfrogs
  A gnoll sergeant (D:7)
  2 scorpions
  2 howler monkeys
  8 wights (D:7)
  A crimson imp (D:5)
  2 bullfrog zombies (D:6)
  A centaur zombie (D:6)
  A jelly (D:6)
  An orc priest (D:8)
  A hound (D:4)
  12 orc wizards
  3 iguanas
  Ijyb (D:5)
  2 worker ants
  A howler monkey zombie (D:6)
  4 gnolls (D:7)
  A worker ant zombie (D:5)
  11 adders
  A shadow imp (D:7)
  An ooze (D:2)
  An adder zombie (D:7)
  4 worms
  2 adder skeletons (D:4)
  2 dart slugs (D:1)
  3 leopard geckos
  24 orcs
  4 ball pythons
  8 giant cockroaches
  9 goblins
  5 hobgoblins
  8 jackals
  4 quokkas
  10 bats
  6 frilled lizards
  7 kobolds
  A leopard gecko zombie (D:3)
  2 quokka skeletons (D:5)
  9 rats
196 creatures vanquished.

Vanquished Creatures (others)
  A bat (D:1)
1 creature vanquished.

Grand Total: 197 creatures vanquished

Notes
Turn   | Place    | Note
-------+----------+-------------------------------------------
     0 | D:1      | Pigsnout the Minotaur Fighter began the quest for the Orb.
     0 | D:1      | Reached XP level 1. HP: 19/19 MP: 0/0
    74 | D:1      | Reached XP level 2. HP: 23/27 MP: 1/1
   530 | D:1      | Reached XP level 3. HP: 33/33 MP: 2/2
  1453 | D:2      | Reached XP level 4. HP: 32/40 MP: 3/3
  1819 | D:3      | Found a glowing silver altar of Zin.
  2097 | D:3      | Reached XP level 5. HP: 46/46 MP: 4/4
  2141 | D:3      | Reached skill level 5 in Armour
  2288 | D:3      | Found a blossoming altar of Fedhas.
  2546 | D:4      | Noticed a phantom
  2571 | D:4      | Killed a phantom
  2571 | D:4      | Reached skill level 5 in Shields
  2880 | D:4      | Noticed an ogre
  3031 | D:4      | Found an iron altar of Okawaru.
  3061 | D:4      | Noticed an ogre
  3094 | D:4      | Killed an ogre
  3094 | D:4      | Reached XP level 6. HP: 13/53 MP: 5/5
  3698 | D:4      | Reached skill level 5 in Short Blades
  3698 | D:4      | Reached XP level 7. HP: 48/60 MP: 6/6
  4112 | D:4      | Found a radiant altar of Vehumet.
  4112 | D:4      | Found a hazy altar of Hepliaklqana.
  4113 | D:4      | Found a sparkling altar of Nemelex Xobeh.
  4336 | D:5      | Entered Level 5 of the Dungeon
  4396 | D:5      | Noticed Ijyb
  4414 | D:5      | Killed Ijyb
  4415 | D:5      | Reached skill level 5 in Fighting
  4682 | D:5      | Reached XP level 8. HP: 64/68 MP: 7/7
  4689 | D:5      | Found a hide-covered altar of Uskayaw.
  4711 | D:5      | Became a worshipper of Uskayaw the Reveler
  4735 | D:5      | Reached * piety under Uskayaw
  4756 | D:5      | Found a staircase to the Ecumenical Temple.
  4785 | D:5      | Reached ** piety under Uskayaw
  4795 | D:5      | Reached *** piety under Uskayaw
  4807 | D:5      | Reached **** piety under Uskayaw
  4811 | D:5      | Reached skill level 1 in Invocations
  4966 | D:5      | Found a shattered altar of Ashenzari.
  5161 | D:6      | Reached ***** piety under Uskayaw
  5174 | D:6      | Reached ****** piety under Uskayaw
  5476 | D:6      | Found a shimmering altar of Xom.
  5613 | D:6      | Found a glowing golden altar of the Shining One.
  6149 | D:7      | Reached XP level 9. HP: 75/75 MP: 10/10
  7424 | D:7      | Paralysed by a hornet for 1 turns
  8135 | D:8      | Killed an unseen horror
  8260 | D:8      | Found a sparkling altar of Nemelex Xobeh.
  8370 | D:8      | Reached XP level 10. HP: 84/84 MP: 12/12
  8671 | D:9      | Noticed a two-headed ogre
  8680 | D:9      | Killed a two-headed ogre
  8680 | D:9      | Reached skill level 5 in Invocations
  8817 | D:9      | Found a staircase to the Orcish Mines.
  8830 | D:9      | HP: 2/86 [orc priest/divine providence (11)]
  8841 | D:9      | Killed from afar by an orc priest

Vault maps used:
D:1:      giann_horns
D:2:      first_ration
D:3:      fedhas_altar_3, zin_academy
D:4:      lemuel_coloured_pillars_altar, gammafunk_temple_overflow_claw
D:5:      eat_drink_and_be_merry_uskayaw, nicolae_overflow_crystal_walls,
          minmay_temple_entry_wispy, serial_park_tiny_pond, uniq_ijyb
D:6:      nicolae_overflow_hidden_temple, basic_altar, minmay_chambers_of_fives
D:7:      cheibrodos_quashed
D:8:      minmay_general_purpose_star, blue_anna_alchemist,
          nemelex_lonely_heart_becter
D:9:      minitemple, erik_orc_4, uniq_grum, uniq_maurice

Skill      XL: |  1  2  3  4  5  6  7  8  9 10 |
---------------+-------------------------------+-----
Shields        | 4 5 6 7 9 |  9.3
Armour         | 4 5 6 7 8 9 |  9.6
Fighting       | 4 5 6 7 |  7.3
Short Blades   | 3 4 5 6 8 9 |  9.6
Invocations    | 2 4 5 |  5.3
Throwing       | |  0.2
Stealth        | |  0.5
Evocations     | |  0.5

Action                   |  1- 3 |  4- 6 |  7- 9 | 10-12 || total
-------------------------+-------+-------+-------+-------++-------
Melee: Rapier            |   101 |   127 |   378 |       ||   606
       Headbutt          |    15 |    22 |    94 |    12 ||   143
       Long sword        |       |       |    36 |    13 ||    49
       Short sword       |       |       |       |    51 ||    51
Throw: Tomahawk          |       |     3 |     8 |       ||    11
Invok: Line Pass         |       |       |       |     1 ||     1
Evoke: Wand              |       |       |     3 |     2 ||     5
  Use: Scroll            |       |       |     8 |       ||     8
       Potion            |       |       |     1 |     5 ||     6
 Stab: Paralysed         |       |       |     9 |     4 ||    13
  Eat: Chunk             |     2 |     7 |     9 |     1 ||    19
       Ration            |       |       |     3 |       ||     3
Armor: Scale mail        |    29 |       |       |       ||    29
       Chain mail        |    20 |    61 |       |       ||    81
       Plate armour      |       |       |   202 |    23 ||   225
Dodge: Dodged            |    28 |    22 |    68 |    19 ||   137
Block: Shield            |    43 |    72 |   179 |    40 ||   334
       Rpst.: Long sword |       |       |     1 |     1 ||     2

Table legend:
 A = Non-vault XP
 B = Vault XP
 C = Vault XP percentage of total XP
 D = Non-vault monster count
 E = Vault monster count
 F = Vault count percentage of total count
                 A         B        C        D         E       F
            +---------+---------+-------+---------+---------+-------
      Total |    6523 |    1095 |  14.4 |     178 |      18 |   9.2
            +---------+---------+-------+---------+---------+-------
        D:1 |      41 |       0 |   0.0 |      24 |       0 |   0.0
        D:2 |      59 |       0 |   0.0 |      22 |       0 |   0.0
        D:3 |     135 |       0 |   0.0 |      19 |       0 |   0.0
        D:4 |     760 |       0 |   0.0 |      21 |       0 |   0.0
        D:5 |     673 |      36 |   5.1 |      20 |       1 |   4.8
        D:6 |     682 |     410 |  37.5 |      24 |       5 |  17.2
        D:7 |    1342 |       0 |   0.0 |      25 |       0 |   0.0
        D:8 |    1588 |     196 |  11.0 |      16 |       2 |  11.1
        D:9 |    1243 |     453 |  26.7 |       7 |      10 |  58.8
            +---------+---------+-------+---------+---------+-------
